 Dungeon Crawl Stone Soup version 0.26.0-90-g5fd8617961 (webtiles) character file.

Game seed: 7785898897926447868

12250 H0rd4k the Covert (level 11, -3/69 HPs)
             Began as an Octopode Transmuter on Feb 2, 2021.
             Was an Initiate of Gozag.
             Slain by a blink frog (20 damage)
             ... on level 1 of the Lair of Beasts.
             The game lasted 00:29:54 (18314 turns).

H0rd4k the Covert (Octopode Transmuter)            Turns: 18314, Time: 00:29:55

Health: -3/69      AC:  1    Str: 11    XL:     11   Next: 90%
Magic:  0/21       EV: 15    Int: 23    God:    Gozag
Gold:   1550       SH:  0    Dex: 13    Spells: 15/24 levels left

rFire    + . .     SeeInvis .     - Unarmed
rCold    x . .     Faith    .   (shield currently unavailable)
rNeg     . . .     Spirit   +   (helmet restricted)
rPois    .         Reflect  .   C - amulet of guardian spirit
rElec    .         Harm     .   g - +6 ring of intelligence
rCorr    +         Rampage  .   t - ring of resist corrosion
Will     .....                  c - ring of fire
Stlth    ++++++....             (no ring)
HPRegen  0.21/turn              (no ring)
MPRegen  0.17/turn              (no ring)
                                (no ring)
                                (no ring)

@: blade tentacles, gold aura
A: almost no armour, stealthy swim, amphibious, 8 rings, constrict 8, camouflage
1, gelatinous body 1
a: End Transformation, Renounce Religion, Potion Petition, Call Merchant, Bribe
Branch


You were on level 1 of the Lair of Beasts.
You worshipped Gozag.
Gozag was most pleased with you.
You had blades for tentacles.
You visited 2 branches of the dungeon, and saw 13 of its levels.
You also visited: Sewer.

You collected 2293 gold pieces.
You paid 743 gold pieces to Gozag.

Inventory:

Missiles
 i - 27 poisoned darts (quivered)
 z - 5 datura-tipped darts
Jewellery
 c - a ring of fire (on tentacle)
 g - a +6 ring of intelligence (left scythe-like blade)
 j - an uncursed amulet of magic regeneration
 t - a ring of resist corrosion (right scythe-like blade)
 C - an amulet of guardian spirit (around mantle)
Wands
 A - a wand of random effects (18)
 B - a wand of flame (3)
 D - a wand of enslavement (7)
Scrolls
 a - 3 scrolls of amnesia
 b - 7 scrolls of magic mapping
 d - 6 scrolls of enchant weapon
 e - 4 scrolls of fog
 f - 7 scrolls of remove curse
 h - 4 scrolls of teleportation {unknown}
 m - 5 scrolls of blinking
 o - a scroll of fear {unknown}
 u - 2 scrolls of random uselessness {unknown}
 v - a scroll of noise {unknown}
 w - 2 scrolls of vulnerability {unknown}
 H - a scroll of enchant armour {unknown}
Potions
 k - 2 potions of haste
 l - 6 potions of curing
 n - a potion of might
 p - 3 potions of attraction
 q - 2 potions of brilliance {unknown}
 r - a potion of mutation
 s - 2 potions of flight
 x - 2 potions of magic
 F - a potion of lignification {unknown}
 G - 3 potions of berserk rage {unknown}


   Skills:
 + Level 4.2 Fighting
 + Level 1.6 Throwing
 + Level 5.2 Dodging
 + Level 11.5 Stealth
 + Level 11.2 Unarmed Combat
 + Level 7.0 Spellcasting
 + Level 7.5 Transmutations
 + Level 1.9 Poison Magic
 + Level 2.6 Evocations


You had 15 spell levels left.
You knew the following spells:

 Your Spells              Type           Power        Failure   Level
a - Beastly Appendage     Tmut           86%          11%         1
b - Spider Form           Tmut/Pois      14%          26%         3
c - Blade Hands           Tmut           21%          45%         5

Your spell library contained the following spells:

 Spells                   Type           Power        Failure   Level
 Wereblood                Tmut           43%          12%         2
 Foxfire                  Conj/Fire      48%          41%         1
 Magic Dart               Conj           32%          41%         1
 Searing Ray              Conj           16%          50%         2
 Ice Form                 Ice/Tmut       25%          56%         4
 Conjure Flame            Conj/Fire      12%          65%         3
 Dazzling Flash           Conj/Hex       16%          65%         3
 Inner Flame              Hex/Fire       12%          65%         3
 Yara's Violent Unravell  Hex/Tmut       12%          82%         5
 Cause Fear               Hex            4%           91%         4
 Fulminant Prism          Conj/Hex       4%           91%         4
 Iskenderun's Mystic Bla  Conj/Tloc      8%           91%         4
 Sticky Flame             Conj/Fire      12%          91%         4
 Fireball                 Conj/Fire      6%           99%         5
 Silence                  Hex/Air        4%           99%         5
 Summon Demon             Summ           4%           99%         5
 Summon Forest            Summ/Tloc      4%           99%         5
 Summon Mana Viper        Hex/Summ       8%           99%         5
 Shadow Creatures         Summ           N/A          100%        6
 Summon Hydra             Summ           4%           100%        7
 Discord                  Hex            4%           100%        8


Dungeon Overview and Level Annotations

Branches:
Dungeon (12/15)            Temple (0/1) D:5            Lair (1/6) D:11
    Orc (0/2) D:11          Sewer (visited)

Altars:
Ashenzari
Elyvilon
Fedhas
Gozag
Makhleb
Okawaru
Qazlal
Ru
Trog
Uskayaw
Xom
Yredelemnul
The Shining One
Lugonu

Shops:
D:8 *

Annotations:
D:5 1 runed translucent door, exclusion: sky beast
D:8 exclusion: 2 killer bees
D:9 exclusion: 2 downstairs
D:10 !vampire, exclusion: downstairs
D:11 2 transporters, exclusion: ugly thing


Innate Abilities, Weirdness & Mutations

You cannot wear most types of armour.
You are very stealthy in the water. (Stealth+)
You are amphibious.
You can wear up to eight rings at the same time.
You can use your tentacles to constrict eight enemies at once.
Your skin changes colour to match your surroundings (Stealth+).
Your rubbery body absorbs attacks. (AC +1, EV +1)


Message History

You tentacle-slap the blink frog. Your grab misses the blink frog.
The blink frog is lightly wounded.
The blink frog misses you.
Unknown command.
You miss the blink frog. You grab the blink frog. You squeeze the blink frog!
The blink frog is moderately wounded.
You constrict the blink frog. The blink frog hits you!!
The blink frog struggles to blink free from constriction.
The blink frog hits you.
You barely miss the blink frog. You squeeze the blink frog!
The blink frog is severely wounded.
You constrict the blink frog. The blink frog hits you!
* * * LOW HITPOINT WARNING * * *
Unknown command.
Casting: Blade Hands (dangerous; 10% risk of failure)
Confirm with . or Enter, or press ? or * to list all spells.
Your tentacles turn into razor-sharp scythe blades.
You constrict the blink frog. The blink frog hits you!!
You die...
Your body crumbles into a pile of gold.

.............#########....#.##
..............########....#
########.....##...........#
.......#............#.....#
.......#............##....# $
#.............#.....#.....#
.............#......##....#
+......#......#..F..##....#
#.##.##......###@#. #.....#
.............###$#####....##
...................F.......####+#
................................F
...............#.#.#...$F........
.............##..8.###...........
.............###...# #...........
............##...................
..#.#.#.#..##.........##.........


You could see a blink frog.

Vanquished Creatures
  A hydra (Lair:1)
  A two-headed ogre (D:11)
  An ugly thing (D:11)
  A cyclops (D:10)
  2 black mambas (Lair:1)
  Joseph (D:9)
  A centaur skeleton (D:11)
  2 cane toads (Lair:1)
  2 komodo dragons (Lair:1)
  A polar bear (Lair:1)
  A hornet (D:10)
  A troll (D:11)
  2 blink frogs (Lair:1)
  A vampire (D:10)
  3 yaks (D:9)
  4 wargs (D:11)
  A soldier ant (D:9)
  5 water moccasins (Lair:1)
  4 orc warriors
  2 sky beasts
  An ice beast (D:11)
  A necrophage (D:8)
  7 wolves (Lair:1)
  4 ogres
  A phantom (D:8)
  6 centaurs
  2 big kobolds
  5 bullfrogs
  5 scorpions
  8 wights
  3 howler monkeys (D:10)
  2 centaur zombies (D:11)
  A bullfrog zombie (D:7)
  7 orc priests
  6 hounds
  9 orc wizards
  A bullfrog skeleton (D:7)
  3 iguanas
  10 worker ants
  3 hound skeletons
  A worker ant zombie (D:10)
  15 adders
  3 river rats (Sewer)
  3 shadow imps
  A white imp (D:8)
  3 ufetubi
  An adder skeleton (D:9)
  An adder zombie (D:4)
  5 worms
  2 dart slugs (D:2)
  7 leopard geckos
  24 orcs
  4 giant cockroaches
  5 goblins
  14 hobgoblins
  12 jackals (D:1)
  5 quokkas
  3 ball pythons
  3 bats
  14 frilled lizards
  A jackal skeleton (D:4)
  11 kobolds
  A kobold skeleton (D:5)
  A leopard gecko zombie (D:8)
  A quokka skeleton (D:7)
  13 rats
276 creatures vanquished.

Vanquished Creatures (others)
  A bullfrog (Lair:1)
  A fungus (Lair:1)
  9 plants (Lair:1)
11 creatures vanquished.

Grand Total: 287 creatures vanquished

Notes
Turn   | Place    | Note
-------+----------+-------------------------------------------
     0 | D:1      | H0rd4k the Octopode Transmuter began the quest for the Orb.
     0 | D:1      | Reached XP level 1. HP: 13/13 MP: 3/3
   142 | D:1      | Reached XP level 2. HP: 7/18 MP: 5/5
   855 | D:1      | Reached XP level 3. HP: 23/23 MP: 6/6
  1592 | D:2      | Found an opulent altar of Gozag.
  1622 | D:2      | Became a worshipper of Gozag Ym Sagoz the Greedy
  1963 | D:2      | Reached skill level 1 in Stealth
  2198 | D:2      | Found a hide-covered altar of Uskayaw.
  2207 | D:2      | Reached XP level 4. HP: 19/28 MP: 7/7
  2607 | D:3      | Found a blossoming altar of Fedhas.
  2746 | D:3      | Found a faded altar of an unknown god.
  2797 | D:3      | Found an iron altar of Okawaru.
  2862 | D:3      | Found a glowing drain.
  2890 | D:3      | Reached XP level 5. HP: 10/33 MP: 6/8
  2899 | Sewer    | Entered a sewer
  4285 | D:4      | Reached skill level 5 in Unarmed Combat
  4375 | D:4      | Reached XP level 6. HP: 34/39 MP: 7/9
  4379 | D:4      | Learned a level 3 spell: Spider Form
  4415 | D:4      | Found a white marble altar of Elyvilon.
  5333 | D:5      | Entered Level 5 of the Dungeon
  5489 | D:5      | Noticed a sky beast
  5522 | D:5      | Killed a sky beast
  5837 | D:5      | Reached XP level 7. HP: 27/45 MP: 9/11
  6003 | D:5      | Found a staircase to the Ecumenical Temple.
  6179 | D:5      | Noticed a human
  6180 | D:5      | Found a runed translucent door.
  6184 | D:5      | Found a basalt altar of Yredelemnul.
  6409 | D:5      | Found a glowing golden altar of the Shining One.
  6894 | D:6      | Found a broken altar of Ashenzari.
  6900 | D:6      | Reached skill level 5 in Stealth
  7002 | D:6      | Found a burning altar of Makhleb.
  7709 | D:7      | Reached XP level 8. HP: 46/50 MP: 10/12
  8959 | D:8      | Found Meptusch's General Store.
  9384 | D:8      | Reached XP level 9. HP: 37/54 MP: 15/15
  9910 | D:8      | Found a stormy altar of Qazlal.
  9938 | D:8      | Found a sacrificial altar of Ru.
 10161 | D:8      | Found a bloodstained altar of Trog.
 10548 | D:9      | Reached skill level 5 in Transmutations
 10706 | D:9      | Reached skill level 5 in Spellcasting
 10730 | D:9      | Reached skill level 1 in Poison Magic
 11009 | D:9      | Noticed Joseph
 11042 | D:9      | Killed Joseph
 11281 | D:9      | Reached XP level 10. HP: 62/62 MP: 16/18
 11669 | D:9      | Learned a level 5 spell: Blade Hands
 11806 | D:9      | Found a shimmering altar of Xom.
 12328 | D:10     | Entered Level 10 of the Dungeon
 12596 | D:10     | Found a blossoming altar of Fedhas.
 12709 | D:10     | Reached skill level 1 in Evocations
 12865 | D:10     | Found Ozabbyq's Serpentskin Sales.
 13316 | D:11     | Found a transporter.
 13356 | D:11     | Noticed a cyclops
 13361 | D:10     | HP: 1/63 [vampire (4)]
 14020 | D:10     | Killed a cyclops
 14278 | D:11     | Reached skill level 10 in Unarmed Combat
 14620 | D:11     | Found a transporter.
 14621 | D:11     | Found a corrupted altar of Lugonu.
 14622 | D:11     | Noticed a cyan ugly thing
 14672 | D:11     | Reached skill level 10 in Stealth
 14672 | D:11     | Found a staircase to the Lair.
 14827 | D:11     | Noticed a green ugly thing
 14832 | D:11     | Killed a green ugly thing
 14833 | D:11     | Reached XP level 11. HP: 52/68 MP: 13/20
 15047 | D:11     | Noticed a green ugly thing
 15103 | D:11     | Found a staircase to the Orcish Mines.
 15286 | D:11     | Noticed a thrashing horror
 15299 | D:11     | Noticed a two-headed ogre
 15313 | D:11     | Killed a two-headed ogre
 16340 | Lair:1   | Entered Level 1 of the Lair of Beasts
 16934 | Lair:1   | Noticed a seven-headed hydra
 16938 | Lair:1   | Reached skill level 1 in Throwing
 16981 | Lair:1   | Killed a seven-headed hydra
 17648 | Lair:1   | Reached skill level 5 in Dodging
 18314 | Lair:1   | Slain by a blink frog

Illustrated notes

Levels and vault maps discovered:
D:1:      onia_arrival_pyramid, layout_basic
D:2:      layout_basic, old_standard_altar, grunt_gozag_breadcrumbs
D:3:      layout_loops_ring, lemuel_round_altar, kennysheep_okawaru_gauntlet,
          gup_sewer_entry_glass, chequers_ecumenical_altar_grove
D:4:      layout_loops_cross, elyvilon_altar_5, grunt_ministairs_8
D:5:      layout_basic, kennysheep_mini, minmay_temple_entry_water_ring,
          dk_yredelemnul_ordeal
D:6:      layout_basic, lemuel_round_altar, cheibrodos_ashenzari_chains,
          serial_shops, shop
D:7:      layout_loops_corners
D:8:      layout_loops_ring, nicolae_ru_awakened_eye, lemuel_doored_altar,
          serial_shops, nicolae_shop_temple_entry_statues_fountains, hex_medium,
          trog_butcher_becter
D:9:      layout_rooms, kennysheep_mini_moat, hangedman_abyss_or_decor_stagger,
          minmay_statues_item, chequers_serial_rivers_small_3, uniq_joseph
D:10:     layout_cave_pools, serial_column_ruins, column_ruins_temple_circle,
          column_ruins_corridor_straight, column_ruins_corridor_straight,
          column_ruins_open_tiny, column_ruins_columns_straight,
          column_ruins_columns_straight, minmay_variable_closet,
          guppyfry_shop_venom
D:11:     gammafunk_corrupted_shrine, layout_layer_cave, lair_entry_dummy,
          minmay_orc_entry_guard_dogs
D:12:     layout_gridville, uniq_maurice
Lair:1:   beast_lair_carwin_large_4, layout_regular_city, grunt_megastairs_5

Skill      XL: |  1  2  3  4  5  6  7  8  9 10 11 |
---------------+----------------------------------+-----
Unarmed Combat | 4 5 6 7 8 10 11 | 11.2
Stealth        | 1 3 4 6 7 8 10 11 | 11.5
Fighting       | 2 3 4 |  4.2
Transmutations | 3 4 5 6 7 |  7.5
Spellcasting   | 3 4 5 6 7 |  7.0
Dodging        | 3 4 5 |  5.2
Poison Magic   | 1 |  1.9
Evocations     | 1 2 |  2.6
Throwing       | 1 |  1.6

Action                   |  1- 3 |  4- 6 |  7- 9 | 10-12 || total
-------------------------+-------+-------+-------+-------++-------
Melee: Unarmed           |   112 |   163 |   246 |   305 ||   826
       Constrict         |    29 |    38 |    42 |    45 ||   154
       Tentacles         |    12 |    20 |    36 |    43 ||   111
       Punch             |     4 |     5 |    12 |    17 ||    38
       Kick              |       |    13 |    26 |    23 ||    62
Throw: Dart              |       |       |       |    12 ||    12
 Cast: Beastly Appendage |       |     7 |    19 |    14 ||    40
       Spider Form       |       |       |     9 |     7 ||    16
       Blade Hands       |       |       |       |    12 ||    12
Invok: Potion Petition   |       |     1 |       |     1 ||     2
Evoke: Wand              |       |       |     5 |    28 ||    33
  Use: Scroll            |       |     7 |     5 |     5 ||    17
       Potion            |       |       |     2 |     1 ||     3
 Stab: Sleeping          |     6 |    22 |    18 |     9 ||    55
       Distracted        |       |       |     2 |     2 ||     4
       Paralysed         |       |       |       |    15 ||    15
Armor: Skin              |     7 |     7 |     6 |     6 ||    26
Dodge: Dodged            |    69 |    88 |   144 |   192 ||   493
